AoeStats
← Horny

Arabia

510322802Analyzed
1v1 RM · 2d ago on Sep 30, 2026· 59m 31s· 2 players
Game mode
Random Map
Map size
Tiny (2 player)
Population
200
Speed
Normal
Resources
Standard
Victory
Conquest
Starting age
Dark Age
Ending age
Imperial Age
RankedLock teamsTeams togetherTeam positionsShared explorationLock speedFull tech treeHidden civsTurbo modeCheats
Victory
Defeat
🇸🇮 Vikings · Slovenia
1203
+16
🇩🇪 Saxons · Germany
1193
-16
Lastdrop
7:07 Loom
9:13 Feudal Age
9:44 Man-at-Arms
17:22 Fletching
17:46 Padded Archer Armor
17:53 Horse Collar
18:34 Double-Bit Axe
20:01 Wheelbarrow
19:33 Gold Mining
24:46 Castle Age
23:51 Arson
24:49 Crossbowman
25:34 Thumb Ring
25:26 Bodkin Arrow
26:10 Bow Saw
27:12 Leather Archer Armor
26:57 Town Watch
31:54 Hand Cart
31:42 Heavy Plow
33:49 Ballistics
33:54 Stone Mining
37:16 Town Patrol
40:44 Imperial Age
40:19 Gold Shaft Mining
39:19 Elite Skirmisher
40:42 Masonry
40:15 Treadmill Crane
41:29 Bracer
41:59 Ring Archer Armor
42:31 Chemistry
40:57 Arbalester
43:12 Conscription
44:13 Scale Mail Armor
44:23 Forging
51:42 Chain Mail Armor
52:49 Elite Hearth Troop
54:04 Hoardings
54:36 Gambesons
54:51 Squires
54:12 Long Swordsman
56:50 Plate Mail Armor
56:55 Iron Casting
57:41 Siege Engineers
57:32 Murder Holes
57:18 Pikeman
59:10 Two-Man Saw
Horny
8:18 Loom
10:35 Feudal Age
21:14 Castle Age
19:43 Fletching
19:51 Double-Bit Axe
19:55 Horse Collar
20:43 Padded Archer Armor
21:20 Gold Mining
21:31 Crossbowman
25:17 Bodkin Arrow
26:25 Bow Saw
26:23 Town Watch
27:04 Leather Archer Armor
32:11 Ballistics
38:27 Imperial Age
36:36 Heavy Plow
37:41 Town Patrol
38:00 Squires
39:12 Gold Shaft Mining
38:27 Stone Mining
38:27 Arbalester
39:10 Bracer
40:20 Chemistry
40:54 Ring Archer Armor
41:11 Masonry
41:34 Crop Rotation
42:05 Two-Man Saw
43:55 Light Cavalry
45:20 Forging
47:08 Scale Barding Armor
47:38 Iron Casting
50:58 Murder Holes
51:34 Architecture
54:13 Chain Barding Armor
57:04 Blast Furnace
Connection lost

Rejoining the realm…

Still unreachable

The connection could not be restored.

Session expired

The server has moved on; the page needs a fresh start.